AoeStats
← INK | Luma

Marketplace

506224894Analyzed
1v1 RM · 19d ago on Sep 12, 2026· 54m 14s· 2 players
Game mode
Random Map
Map size
Tiny (2 player)
Population
200
Speed
Normal
Resources
Standard
Victory
Conquest
Starting age
Dark Age
Ending age
Imperial Age
RankedLock teamsTeams togetherTeam positionsShared explorationLock speedFull tech treeHidden civsTurbo modeCheats
Victory
Defeat
🇨🇱 Vietnamese · Chile
1229
+35
🇬🇧 Spanish · United Kingdom
1208
-15
Barn0by
7:45 Loom
10:07 Feudal Age
11:06 Double-Bit Axe
13:59 Scale Barding Armor
18:10 Fletching
19:33 Town Watch
20:24 Bloodlines
20:28 Forging
21:12 Horse Collar
24:54 Castle Age
24:26 Padded Archer Armor
26:57 Bow Saw
29:08 Chain Barding Armor
28:10 Light Cavalry
28:53 Husbandry
32:33 Redemption
33:31 Bodkin Arrow
34:03 Sanctity
35:22 Elite Skirmisher
36:32 Heavy Plow
38:22 Wheelbarrow
42:15 Imperial Age
42:36 Fervor
43:04 Inquisition
43:25 Conscription
43:52 Ballistics
43:28 Gold Mining
44:34 Illumination
44:31 Hand Cart
44:31 Capped Ram
45:59 Plate Barding Armor
45:42 Cavalier
49:31 Theocracy
50:33 Chemistry
50:33 Leather Archer Armor
50:19 Bracer
51:06 Thumb Ring
54:43 Ring Archer Armor
INK | Luma
6:47 Loom
9:00 Feudal Age
9:38 Double-Bit Axe
9:38 Horse Collar
21:45 Castle Age
20:20 Scale Mail Armor
21:27 Fletching
24:19 Forging
32:31 Chain Mail Armor
31:59 Pikeman
43:44 Wheelbarrow
47:07 Imperial Age
45:23 Bodkin Arrow
45:50 Ballistics
45:24 Town Watch
46:05 Padded Archer Armor
46:32 Devotion
47:22 Iron Casting
47:03 Leather Archer Armor
47:01 Bloodlines
46:52 Husbandry
47:04 Thumb Ring
49:50 Elite Fire Lancer
51:43 Plate Mail Armor
51:03 Treadmill Crane
52:31 Chemistry
53:38 Bracer
53:57 Squires
Connection lost

Rejoining the realm…

Still unreachable

The connection could not be restored.

Session expired

The server has moved on; the page needs a fresh start.